 Dungeon Crawl Stone Soup version 0.24-a0-447-ge8da9206dc (webtiles) character file.

Game seed: 6567289269529535243

2598 Krouwed the Covert (level 9, 0/68 HPs)
             Began as a Vampire Assassin on June 24, 2019.
             Was an Initiate of Uskayaw.
             Slain by an orc
             ... wielding a +0 club
              (3 damage)
             ... on level 8 of the Dungeon.
             The game lasted 00:28:16 (6049 turns).

Krouwed the Covert (Vampire Assassin)               Turns: 6049, Time: 00:28:17

Health: 0/68       AC: 10    Str: 13    XL:     9   Next: 33%
Magic:  6/9        EV: 14    Int: 13    God:    Uskayaw [......]
Gold:   522        SH:  0    Dex: 16    Spells: 8/8 levels left

rFire    + . .     SeeInvis +   a - +2 dagger (speed)
rCold    . . .     Gourm    .   (no shield)
rNeg     + . .     Faith    .   I - +2 ring mail {rF+}
rPois    .         Spirit   .   B - +0 helmet (curse)
rElec    .         Reflect  .   c - +0 cloak
rCorr    +         Harm     .   x - +0 pair of gloves
MR       .....                  (no boots)
Stlth    ++++......             i - amulet of regeneration
HPRegen  0.81/turn              p - ring of resist corrosion
MPRegen  0.11/turn              G - ring of positive energy

@: lethally poisoned (0 -> -2), very slightly contaminated, regenerating quickly
A: no food, fangs 3, see invisible, unbreathing
a: Exsanguinate, Renounce Religion


You were on level 8 of the Dungeon.
You worshipped Uskayaw.
Uskayaw was noncommittal.
You were alive.

You visited 2 branches of the dungeon, and saw 9 of its levels.
You also visited: Sewer.

You collected 522 gold pieces.

Inventory:

Hand Weapons
 a - a +2 dagger of speed (weapon)
 b - a +1 hunting sling of velocity
Missiles
 d - 27 poisoned darts (quivered)
 n - 188 stones
Armour
 c - a +0 cloak (worn)
 l - a +0 shield
 x - a +0 pair of gloves (worn)
 B - a cursed +0 helmet (worn)
 D - a +4 plate armour
 I - a +2 ring mail of fire resistance (worn)
Jewellery
 i - an amulet of regeneration (around neck)
 p - a ring of resist corrosion (left hand)
 y - an uncursed ring of fire
 G - a ring of positive energy (right hand)
Wands
 C - a wand of digging (6)
 E - a wand of iceblast (5)
 H - a wand of paralysis (12)
Scrolls
 e - a scroll of enchant weapon
 f - 6 scrolls of remove curse
 k - a scroll of enchant armour
 z - 5 scrolls of identify
Potions
 j - 3 potions of curing
 o - 2 potions of lignification
 q - a potion of brilliance {unknown}
 s - 2 potions of flight {unknown}
 t - a potion of degeneration {unknown}
 u - a potion of heal wounds {unknown}


   Skills:
 + Level 5.4 Fighting
 + Level 6.6 Short Blades
 + Level 4.9 Throwing
 + Level 6.2 Dodging
 + Level 10.5 Stealth


You had 8 spell levels left.
You didn't know any spells.
Your spell library contained the following spells:

 Spells                   Type           Power        Failure   Level  Hunger
 Magic Dart               Conj           #...         56%         1    N/A
 Blink                    Tloc           N/A          71%         2    N/A
 Call Imp                 Summ           #.......     71%         2    N/A
 Slow                     Hex            #.......     71%         2    N/A
 Conjure Flame            Conj/Fire      #.......     90%         3    N/A
 Mephitic Cloud           Conj/Pois/Air  #.......     90%         3    N/A

Dungeon Overview and Level Annotations

Branches:
Dungeon (8/15)             Temple (1/1) D:7            Lair (0/6) D:8

Altars:
Ashenzari
Cheibriados
Dithmenos
Elyvilon
Fedhas
Gozag
Hepliaklqana
Kikubaaqudgha
Makhleb
Nemelex Xobeh
Okawaru
Qazlal
Ru
Sif Muna
Trog
Uskayaw
Vehumet
Wu Jian
Xom
Yredelemnul
Zin
The Shining One


Innate Abilities, Weirdness & Mutations

You do not eat.
Your natural rate of healing is unusually fast.
You have razor-sharp teeth.
You have supernaturally acute eyesight. (SInv)
You can survive without breathing.


Message History

Aiming: Iceblast
Press: ? - help, Shift-Dir - straight line, f - orc warrior
Aim: an orc warrior, wielding a +0 battleaxe and wearing a +0 plate armour That beam is likely to hit you.
Continue anyway?
The mass of ice explodes!
The iceblast engulfs the killer bee!
You kill the killer bee!
The iceblast engulfs you.
* * * LOW HITPOINT WARNING * * *
The iceblast engulfs the orc warrior!
The orc warrior is moderately wounded.
The iceblast engulfs the phantom!
The phantom partially resists.
The phantom is moderately damaged.
The iceblast engulfs the warg!
The warg is moderately wounded.
The iceblast engulfs the big kobold!
The big kobold is severely wounded.
You feel sick.
You hear a shout!
You hear a loud, deep croak!
The orc hits you with a +0 club.
You die...

* #......##########
**#.....## ........# ###
###### ##......#
#.####....#*** ##.....#
#.#..ยง....+,,* ##.####
#.#..#....#,,* #.,**
#######.#####.(##### **
**,,**#.....o.#.#.#''#.#.##
,*
***,,,,,****#@W%.%%.....%.#
,***,,,,,,***
#hKoP.......%.#
,,,,,**,,,,,*
#..o.......P..#
,*****,,,,,,*
#...........%.#
,,,,,,,,,,,,*
#.........#####
,,*****,,,,,* ###########
,** ******* ,*********
,,,,,,,,,*****


You could see a phantom, a warg, an orc warrior, a big kobold, an orc wizard
(invisible) and an orc.

Vanquished Creatures
  Pikel (D:7)
  Duvessa (D:5)
  An ice beast (D:7)
  A sky beast (D:4)
  Purgy (Sewer)
  A slave (D:6)
  4 ogres
  3 bullfrogs
  A gnoll sergeant (D:7)
  Dowan (D:5)
  3 scorpions
  A killer bee (D:8)
  A howler monkey (D:6)
  2 crimson imps
  2 hounds
  An orc priest (D:4)
  3 bullfrog skeletons
  Terence (D:2)
  2 iguanas (D:7)
  4 orc wizards
  5 worker ants
  A howler monkey skeleton (D:6)
  8 gnolls
  10 adders
  3 shadow imps
  An ooze (D:7)
  2 adder skeletons
  A worm (D:3)
  6 dart slugs
  8 leopard geckos
  24 orcs
  8 bats
  3 giant cockroaches (D:2)
  12 goblins
  8 hobgoblins
  17 jackals
  A quokka (D:6)
  A ball python (D:1)
  6 frilled lizards
  2 jackal skeletons (D:5)
  10 kobolds
  6 rats
178 creatures vanquished.

Notes
Turn   | Place    | Note
-------+----------+-------------------------------------------
     0 | D:1      | Krouwed the Vampire Assassin began the quest for the Orb.
     0 | D:1      | Reached XP level 1. HP: 16/16 MP: 1/1
   128 | D:1      | Reached skill level 6 in Stealth
   128 | D:1      | Reached XP level 2. HP: 22/22 MP: 2/2
   644 | D:1      | Reached XP level 3. HP: 27/27 MP: 3/3
  1203 | D:2      | Reached XP level 4. HP: 25/34 MP: 4/4
  1249 | D:2      | Found a white marble altar of Elyvilon.
  1301 | D:2      | Noticed Terence
  1313 | D:2      | Killed Terence
  1871 | D:3      | Reached XP level 5. HP: 30/39 MP: 5/5
  1955 | D:3      | Found a deep blue altar of Sif Muna.
  1955 | D:3      | Found a basalt altar of Yredelemnul.
  2017 | D:3      | Reached skill level 7 in Stealth
  2062 | D:3      | Found a shimmering altar of Xom.
  2063 | D:3      | Found a blossoming altar of Fedhas.
  2174 | D:3      | Found a faded altar of an unknown god.
  2413 | D:4      | Noticed a sky beast
  2433 | D:4      | Killed a sky beast
  2433 | D:4      | Reached XP level 6. HP: 14/47 MP: 6/6
  2494 | D:4      | Found an iron altar of Okawaru.
  2667 | D:4      | Found a glowing drain.
  2698 | Sewer    | Entered a sewer
  2757 | Sewer    | Noticed Purgy
  2784 | Sewer    | Killed Purgy
  2784 | Sewer    | Reached XP level 7. HP: 16/52 MP: 7/7
  2940 | D:4      | Reached skill level 8 in Stealth
  3284 | D:5      | Entered Level 5 of the Dungeon
  3510 | D:5      | Noticed Duvessa
  3510 | D:5      | Noticed Dowan
  3525 | D:5      | Killed Dowan
  3536 | D:5      | Killed Duvessa
  3733 | D:5      | Reached skill level 5 in Short Blades
  3733 | D:5      | Reached XP level 8. HP: 60/60 MP: 8/8
  3851 | D:5      | Found a shattered altar of Ashenzari.
  3854 | D:5      | Found a glowing golden altar of the Shining One.
  3857 | D:5      | Found an opulent altar of Gozag.
  4346 | D:6      | Reached skill level 9 in Stealth
  4394 | D:6      | Found a radiant altar of Vehumet.
  4617 | D:6      | Reached skill level 5 in Dodging
  5244 | D:7      | Found a sparkling altar of Nemelex Xobeh.
  5325 | D:7      | Noticed Pikel
  5403 | D:7      | Killed Pikel
  5403 | D:7      | Reached skill level 5 in Fighting
  5403 | D:7      | Reached skill level 10 in Stealth
  5403 | D:7      | Reached XP level 9. HP: 45/68 MP: 9/9
  5517 | D:7      | Found an ancient bone altar of Kikubaaqudgha.
  5582 | D:7      | Found a staircase to the Ecumenical Temple.
  5642 | Temple   | Entered the Ecumenical Temple
  5721 | Temple   | Became a worshipper of Uskayaw the Reveler
  5811 | D:7      | Reached * piety under Uskayaw
  5885 | D:8      | Found a staircase to the Lair.
  5906 | D:7      | Reached ** piety under Uskayaw
  6049 | D:8      | HP: 3/68 [poisoned by a killer bee]
  6049 | D:8      | Slain by an orc

Levels and vault maps discovered:
D:1:      dpeg_arrival_rooms_b, layout_loops_corners, minmay_tromino_v4_c
D:2:      layout_loops_cross, elyvilon_altar_3, uniq_terence
D:3:      layout_rooms, minitemple, first_ration,
          chequers_ecumenical_altar_lobes
D:4:      layout_cave_pools, okawaru_altar_gauntlet_db, portal_sewer_entry_f
D:5:      layout_cave_pods, grunt_temple_overflow_diamond, uniq_duvessa
D:6:      layout_basic, kennysheep_little_box, kb_lookout_dungeons_type
D:7:      layout_basic, nemelex_altar_shiori, minmay_temple_entry_antechambers,
          basic_altar, minmay_diced_spiral, uniq_pikel
D:8:      layout_rooms, erik_lair_orcish_takeover, blue_anna_alchemist
          [blue_anna_fruit_fields, blue_anna_fruit_fields]
Temple:   eino_temple_lava

Skill      XL: |  1  2  3  4  5  6  7  8  9 |
---------------+----------------------------+-----
Stealth        | 6 7 8 10 | 10.5
Fighting       | 2 3 4 5 |  5.4
Throwing       | 2 3 4 |  4.9
Dodging        | 2 3 4 5 6 |  6.2
Short Blades   | 3 4 5 6 |  6.6

Action                   |  1- 3 |  4- 6 |  7- 9 || total
-------------------------+-------+-------+-------++-------
Melee: Dagger            |    89 |   201 |   434 ||   724
       Bite              |     5 |    16 |    51 ||    72
       Whip              |       |       |    13 ||    13
 Fire: Hunting sling     |    21 |    42 |     6 ||    69
Throw: Dart              |     4 |    44 |    52 ||   100
       Stone             |       |       |     1 ||     1
Invok: Stomp             |       |       |     1 ||     1
Evoke: Wand              |       |       |     2 ||     2
  Use: Scroll            |     2 |    10 |     8 ||    20
       Potion            |       |       |     3 ||     3
 Stab: Sleeping          |     9 |     4 |    26 ||    39
Armor: Ring mail         |    25 |    55 |    83 ||   163
Dodge: Dodged            |    44 |   127 |   200 ||   371

Table legend:
 A = Non-vault XP
 B = Vault XP
 C = Vault XP percentage of total XP
 D = Non-vault monster count
 E = Vault monster count
 F = Vault count percentage of total count
                 A         B        C        D         E       F
            +---------+---------+-------+---------+---------+-------
      Total |    2617 |    1095 |  29.5 |     152 |      25 |  14.1
            +---------+---------+-------+---------+---------+-------
        D:1 |      45 |       2 |   4.3 |      23 |       2 |   8.0
        D:2 |      92 |      36 |  28.1 |      24 |       1 |   4.0
        D:3 |     132 |       0 |   0.0 |      25 |       0 |   0.0
        D:4 |     439 |      29 |   6.2 |      14 |      11 |  44.0
        D:5 |     438 |     216 |  33.0 |      22 |       2 |   8.3
        D:6 |     624 |       0 |   0.0 |      22 |       0 |   0.0
        D:7 |     749 |     669 |  47.2 |      20 |       3 |  13.0
        D:8 |      98 |       0 |   0.0 |       2 |       0 |   0.0
      Sewer |       0 |     143 | 100.0 |       0 |       6 | 100.0
            +---------+---------+-------+---------+---------+-------
